 Dungeon Crawl Stone Soup version 0.19.4-8-ga85b6b9 (webtiles) character file.

249 Ponchio the Magician (level 5, -5/28 HPs)
             Began as a Deep Elf Fire Elementalist on Feb 12, 2017.
             Killed by divine providence
             ... invoked by an orc priest
              (12 damage)
             ... on level 4 of the Dungeon.
             The game lasted 00:16:15 (3481 turns).

Ponchio the Magician (Deep Elf Fire Elementalist)   Turns: 3481, Time: 00:16:16

Health: -5/28      AC:  4    Str:  5    XL:     5   Next: 86%
Magic:  10/14      EV: 13    Int: 21    God:
Gold:   174        SH:  0    Dex: 15    Spells: 1 memorised, 12 levels left

rFire  . . .     SeeInvis .     h - +1 dagger (venom)
rCold  . . .     Gourm    .     a - +0 robe
rNeg   . . .     Faith    .     (no shield)
rPois  .         Spirit   .     k - +2 hat
rElec  .         Reflect  .     (no cloak)
rCorr  .         Harm     .     (no gloves)
MR     .....                    (no boots)
Stlth  ++........               (no amulet)
                                (no ring)
                                (no ring)

@: very slightly contaminated
A: no striking features
a: no special abilities


You were on level 4 of the Dungeon.
You were hungry.

You visited 1 branch of the dungeon, and saw 4 of its levels.

You collected 174 gold pieces.

Inventory:

Hand Weapons
 h - a +1 dagger of venom (weapon)
 r - a +0 short sword of protection
Armour
 a - a +0 robe (worn)
 k - a +2 hat (worn)
Wands
 m - a wand of digging (10/24)
Scrolls
 d - 3 scrolls of identify
 e - 2 scrolls of immolation {unknown}
 g - a scroll of teleportation {unknown}
 l - 2 scrolls of enchant armour {unknown}
 n - a scroll of remove curse
 q - 2 scrolls of recharging {unknown}
 t - a scroll of magic mapping {unknown}
Potions
 s - a potion of magic
 u - a potion of ambrosia
Books
 b - a book of Flames

   Spells                             Type                      Level
   a - Flame Tongue                   Conjuration/Fire             1
   b - Throw Flame                    Conjuration/Fire             2
   c - Conjure Flame                  Conjuration/Fire             3
   d - Inner Flame                    Hexes/Fire                   3
   e - Sticky Flame                   Conjuration/Fire             4
   f - Fireball                       Conjuration/Fire             5
Comestibles
 c - 3 bread rations
 f - 4 meat rations
 o - 8 fruits
 p - 2 beef jerkies


   Skills:
 - Level 2.4 Dodging
 - Level 2.4 Stealth
 + Level 4.9 Spellcasting
 * Level 4.6 Conjurations
 + Level 4.5 Fire Magic


You had 12 spell levels left.
You knew the following spells:

 Your Spells              Type           Power        Failure   Level  Hunger
a - Flame Tongue          Conj/Fire      ###..        1%          1    None


Dungeon Overview and Level Annotations

Branches:
Dungeon (4/15)
 Temple: D:4-7

Altars:
Fedhas
Kikubaaqudgha
Uskayaw


Message History

* * * LOW HITPOINT WARNING * * *
Casting: Flame Tongue
Confirm with . or Enter, or press ? or * to list all spells.
Aiming: Flame Tongue
Press: ? - help, Shift-Dir - straight line, f/p - orc priest
Aim: an orc priest, wielding a flail (severely wounded)
The flame tongue hits the orc priest.
The orc priest is almost dead.
The orc priest looks satisfied for a moment.
Casting: Flame Tongue
Confirm with . or Enter, or press ? or * to list all spells.
Aiming: Flame Tongue
Press: ? - help, Shift-Dir - straight line, f/p - orc priest
Aim: an orc priest, wielding a flail (almost dead)
You miscast Flame Tongue.
You are very lightly contaminated with residual magic.
Nothing appears to happen.
The orc priest invokes the aid of Beogh against you.
Beogh smites you!
You die...

### ###)..... ..###
###..###. #...####
###....###.
###....###
#######...##.##..
####...#
#.......####.#.)#
###.## #.#######
#.#.## #..## ##.#
#....# ##..# #.>#
##..... ##.## #@##
#...... #..# ##÷#
#...... ######
##.###..# #...)..
..o..######..##o###
##.....
####.....#....÷...#
##...#
#####o.........###
#...##
###..........##
#..###
#.a......#..####...#
#..................


You could see an orc priest.

Vanquished Creatures
  A crimson imp (D:3)
  A hound (D:4)
  A worker ant (D:4)
  7 adders
  3 gnolls (D:2)
  An ooze (D:1)
  A worm (D:4)
  5 leopard geckos
  3 orcs
  A ball python (D:1)
  5 giant cockroaches
  2 goblins
  7 hobgoblins
  3 jackals (D:3)
  A quokka (D:4)
  6 bats
  2 frilled lizards
  9 kobolds
  4 rats
63 creatures vanquished.

Notes
Turn   | Place    | Note
-------+----------+-------------------------------------------
     0 | D:1      | Ponchio the Deep Elf Fire Elementalist began the quest for the Orb.
     0 | D:1      | Reached XP level 1. HP: 10/10 MP: 6/6
   248 | D:1      | Reached XP level 2. HP: 15/15 MP: 2/8
  1041 | D:2      | Reached XP level 3. HP: 18/19 MP: 3/10
  1411 | D:2      | Reached XP level 4. HP: 24/24 MP: 0/12
  1593 | D:2      | Found a blossoming altar of Fedhas.
  1801 | D:3      | Noticed a hand axe
  1802 | D:3      | Noticed a dagger
  1803 | D:3      | Found a hide-covered altar of Uskayaw.
  2525 | D:3      | Found an ancient bone altar of Kikubaaqudgha.
  2837 | D:4      | Reached XP level 5. HP: 14/28 MP: 3/13
  3481 | D:4      | Killed from afar by an orc priest

Skill      XL: |  1  2  3  4 |
---------------+-------------+-----
Conjurations   | 2 4 |  4.6
Spellcasting   | 4 |  4.9
Fire Magic     | 4 |  4.5
Dodging        | |  2.4
Stealth        | |  2.4

Action                   |  1- 3 |  4- 6 || total
-------------------------+-------+-------++-------
Melee: Dagger            |     2 |    25 ||    27
 Cast: Flame Tongue      |    53 |    65 ||   118
  Use: Scroll            |     2 |     2 ||     4
  Eat: Chunk             |       |     7 ||     7
Armor: Robe              |     1 |     9 ||    10
Dodge: Dodged            |    15 |    23 ||    38
